Map: Acolyte LE

Players

SamuraiFunn - Winner!

  • Race: Protoss Protoss
  • Spawn Location: 7:00

A.I. 1 (Harder)

  • Race: Protoss Protoss
  • Spawn Location: 1:00

VOD

Have the link to the VOD?

Description

Time

  • Played on: Oct. 28, 2017, 2:37 p.m.
  • Length: 14:33
Show
View Real Time Build Order
Export as new Build Order

SamuraiFunn Protoss - Winner!

Build Orders:  

Get SALT Encoding   

  12  0:01  Probe (Chrono Boost)  
  13  0:12  Probe (Chrono Boost)  
  14  0:18  Pylon  
  14  0:22  Probe (Chrono Boost)  
  15  0:36  Probe (Chrono Boost)  
  15  0:39  Gateway  
  16  0:48  Probe (Chrono Boost)  
  17  0:58  Probe (Chrono Boost)  
  17  0:59  Gateway  
  18  1:09  Probe (Chrono Boost)  
  19  1:18  Pylon  
  19  1:22  Probe (Chrono Boost)  
  19  1:24  Assimilator  
  20  1:28  Zealot  
  20  1:32  Probe (Chrono Boost)  
  23  1:34  Assimilator  
  23  1:54  Forge, Zealot  
  25  2:07  Probe (Chrono Boost)  
  26  2:08  Zealot  
  27  2:17  Probe (Chrono Boost)  
  30  2:22  Zealot  
  30  2:28  Probe (Chrono Boost)  
  31  2:32  Pylon  
  31  2:40  Protoss Ground Weapons Level 1, Cybernetics Core  
  31  2:48  Pylon  
  31  2:51  Zealot  
  33  2:54  Zealot  
  35  3:00  Probe (Chrono Boost)  
  36  3:28  Nexus  
  36  3:39  Zealot  
  38  3:43  Zealot  
  40  4:00  Pylon  
  40  4:06  Zealot  
  42  4:12  Zealot  
  44  4:17  Gateway  
  44  4:29  Twilight Council  
  44  4:34  Protoss Ground Armor Level 1  
  44  4:41  Probe (Chrono Boost)  
  44  4:45  Probe (Chrono Boost)  
  46  4:51  Probe (Chrono Boost)  
  46  4:52  Zealot  
  49  4:55  Probe (Chrono Boost)  
  50  5:02  Probe (Chrono Boost)  
  51  5:10  Gateway  
  51  5:17  Probe (Chrono Boost)  
  51  5:20  Probe (Chrono Boost)  
  53  5:28  Probe (Chrono Boost)  
  52  5:31  Probe (Chrono Boost)  
  47  5:38  Probe (Chrono Boost)  
  47  5:41  Stalker, Zealot  
  47  5:42  Stalker  
  54  5:54  Probe (Chrono Boost)  
  55  5:59  Stalker  
  57  6:05  Probe (Chrono Boost)  
  57  6:08  Stalker  
  60  6:11  Adept  
  60  6:12  Adept  
  60  6:15  Probe (Chrono Boost)  
  65  6:22  Robotics Facility  
  65  6:24  Robotics Facility  
  65  6:26  Probe (Chrono Boost)  
  66  6:39  Probe (Chrono Boost)  
  67  6:50  Pylon  
  67  6:56  Pylon  
  67  7:15  Probe (Chrono Boost)  
  68  7:18  Nexus  
  68  7:19  Probe (Chrono Boost)  
  69  7:25  Probe (Chrono Boost)  
  69  7:27  Adept x3  
  69  7:28  Pylon, Adept  
  69  7:29  Probe (Chrono Boost)  
  79  7:36  Probe (Chrono Boost)  
  80  7:38  Immortal  
  80  7:40  Probe (Chrono Boost)  
  85  7:45  Pylon  
  85  7:46  Immortal  
  85  7:47  Probe (Chrono Boost)  
  85  7:51  Probe (Chrono Boost)  
  91  7:57  Probe (Chrono Boost), Pylon  
  92  8:01  Probe (Chrono Boost)  
  92  8:04  Adept x4  
  101  8:16  Pylon  
  101  8:18  Immortal  
  105  8:28  Pylon  
  105  8:31  Adept x2  
  105  8:33  Probe (Chrono Boost)  
  110  8:36  Probe (Chrono Boost)  
  110  8:40  Probe (Chrono Boost)  
  112  8:43  Probe (Chrono Boost)  
  112  8:47  Probe (Chrono Boost)  
  114  8:50  Probe (Chrono Boost)  
  114  8:54  Probe (Chrono Boost)  
  116  8:57  Probe (Chrono Boost)  
  116  8:58  Pylon  
  116  8:59  Protoss Ground Weapons Level 2  
  116  9:01  Probe (Chrono Boost)  
  108  9:04  Probe (Chrono Boost)  
  108  9:08  Probe (Chrono Boost)  
  102  9:15  Probe (Chrono Boost)  
  93  9:31  Adept x2  
  93  9:32  Adept x2  
  93  9:34  Immortal x2  
  109  9:58  Adept, Stalker  
  114  10:00  Probe (Chrono Boost), Assimilator  
  114  10:04  Assimilator  
  114  10:06  Stalker  
  116  10:07  Zealot  
  116  10:10  Probe (Chrono Boost)  
  116  10:13  Immortal x2  
  127  10:21  Probe (Chrono Boost)  
  128  10:26  Zealot  
  130  10:29  Zealot  
  130  10:31  Probe (Chrono Boost)  
  130  10:34  Zealot  
  135  10:36  Robotics Facility  
  135  10:38  Robotics Facility  
  135  10:42  Probe (Chrono Boost)  
  136  10:52  Immortal  
  140  11:01  Assimilator  
  140  11:03  Assimilator  
  140  11:15  Protoss Ground Armor Level 2  
  140  11:20  Nexus  
  140  11:28  Adept x4  
  148  11:36  Immortal  
  146  11:42  Immortal  
  146  11:46  Immortal  
  146  11:55  Adept  
  148  12:28  Immortal  
  148  12:31  Immortal  
  150  12:37  Adept x4  
  150  12:41  Immortal  
  162  12:51  Pylon  
  162  13:01  Pylon  
  162  13:04  Adept  
  164  13:08  Pylon  
  164  13:09  Immortal, Adept x2  
  172  13:17  Pylon  
  172  13:19  Immortal, Adept  
  178  13:23  Immortal  
  178  13:27  Immortal  
  184  13:31  Adept  
  186  13:36  Adept, Stalker  
  190  13:46  Stalker  
  192  13:58  Stalker  
  196  14:11  Pylon  
  196  14:13  Pylon  
  196  14:17  Pylon  
  196  14:21  Pylon  
  196  14:24  Pylon  
  196  14:27  Pylon  
Show
View Real Time Build Order
Export as new Build Order

A.I. 1 (Harder) Protoss 

Build Orders:  

Get SALT Encoding   

  12  0:01  Probe (Chrono Boost)  
  13  0:11  Probe (Chrono Boost)  
  14  0:20  Pylon  
  14  0:22  Probe (Chrono Boost)  
  15  0:38  Probe (Chrono Boost)  
  16  0:47  Assimilator  
  16  0:49  Probe (Chrono Boost)  
  17  0:51  Gateway  
  17  0:59  Probe (Chrono Boost), Pylon  
  18  1:10  Probe (Chrono Boost)  
  19  1:22  Probe (Chrono Boost)  
  20  1:37  Zealot  
  20  1:41  Cybernetics Core  
  20  1:43  Gateway  
  20  1:46  Assimilator  
  22  2:01  Pylon  
  22  2:02  Zealot  
  24  2:12  Warp Gate  
  24  2:27  Adept  
  24  2:29  Zealot  
  28  2:44  Pylon  
  28  2:53  Stalker  
  28  2:55  Zealot  
  32  3:11  Probe (Chrono Boost)  
  33  3:21  Stalker x2  
  33  3:23  Probe (Chrono Boost)  
  38  3:32  Pylon  
  39  3:35  Probe (Chrono Boost)  
  39  3:42  Forge  
  39  3:46  Probe (Chrono Boost)  
  40  3:50  Zealot, Adept  
  44  3:58  Probe (Chrono Boost)  
  45  4:09  Probe (Chrono Boost)  
  46  4:32  Protoss Ground Weapons Level 1  
  46  4:37  Stalker  
  48  4:39  Gateway  
  48  4:41  Pylon  
  48  4:45  Sentry  
  50  5:00  Nexus, Stalker  
  52  5:08  Stalker  
  54  5:22  Stalker  
  54  5:30  Stalker  
  54  5:32  Twilight Council  
  42  5:45  Zealot  
  44  5:53  Zealot  
  46  6:01  Zealot  
  46  6:03  Blink  
  48  6:08  Stalker  
  50  6:16  Probe (Chrono Boost), Stalker  
  53  6:18  Protoss Ground Armor Level 1  
  53  6:21  Probe (Chrono Boost)  
  54  6:27  Probe (Chrono Boost), Sentry  
  58  6:33  Probe (Chrono Boost)  
  58  6:38  Probe (Chrono Boost)  
  59  6:40  Adept  
  59  6:45  Probe (Chrono Boost)  
  62  6:52  Robotics Facility  
  63  6:55  Probe (Chrono Boost)  
  63  6:57  Probe (Chrono Boost)  
  64  7:06  Photon Cannon, Probe (Chrono Boost)  
  64  7:08  Probe (Chrono Boost)  
  66  7:17  Photon Cannon, Probe (Chrono Boost)  
  66  7:19  Probe (Chrono Boost)  
  68  7:24  Pylon  
  68  7:28  Pylon  
  68  7:29  Probe (Chrono Boost)  
  70  7:31  Probe (Chrono Boost)  
  70  7:37  Pylon  
  70  7:38  Observer  
  70  7:40  Probe (Chrono Boost)  
  70  7:43  Probe (Chrono Boost), Stargate  
  74  7:51  Probe (Chrono Boost)  
  74  7:52  Forge  
  74  7:56  Observer  
  74  7:58  Photon Cannon  
  74  8:01  Photon Cannon  
  75  8:22  Assimilator  
  75  8:28  Assimilator  
  75  8:32  Void Ray, Warp Prism  
  75  8:41  Gateway  
  81  8:45  Robotics Facility  
  81  8:47  Stargate  
  81  8:52  Nexus  
  76  9:04  Zealot  
  76  9:06  Warp Prism  
  76  9:08  Zealot  
  72  9:20  Zealot  
  70  9:24  Zealot  
  70  9:29  Warp Prism  
  60  9:34  Gateway, Stalker  
  64  9:40  Observer  
  64  9:44  Stargate  
  65  9:46  Stalker  
  65  9:51  Stalker  
  69  9:55  Sentry  
  69  9:59  Stalker  
  73  10:08  Stalker  
  73  10:13  Stalker  
  77  10:17  Stalker  
  79  10:21  Sentry  
  79  10:22  Void Ray  
  79  10:28  Protoss Ground Weapons Level 2, Probe (Chrono Boost)  
  86  10:30  Probe (Chrono Boost)  
  86  10:31  Probe (Chrono Boost)  
  88  10:40  Probe (Chrono Boost)  
  88  10:41  Probe (Chrono Boost)  
  91  10:43  Probe (Chrono Boost)  
  91  10:51  Probe (Chrono Boost)  
  91  10:53  Probe x2 (Chrono Boost)  
  94  11:02  Probe (Chrono Boost)  
  95  11:07  Probe (Chrono Boost)  
  95  11:08  Probe (Chrono Boost)  
  97  11:13  Probe (Chrono Boost)  
  97  11:14  Robotics Bay  
  98  11:19  Probe (Chrono Boost)  
  98  11:20  Probe (Chrono Boost)  
  98  11:24  Probe (Chrono Boost)  
  101  11:30  Probe (Chrono Boost)  
  102  11:35  Probe (Chrono Boost)  
  103  11:42  Pylon  
  103  11:43  Zealot  
  103  11:44  Zealot x2  
  103  11:45  Assimilator  
  103  11:46  Zealot  
  99  11:48  Mothership Core (Chrono Boost)  
  99  11:49  Stalker  
  78  12:01  Zealot  
  72  12:04  Stalker  
  63  12:12  Stalker  
  62  12:18  Stalker  
  52  12:22  Stalker  
  52  12:25  Zealot  
  52  12:27  Pylon  
  52  12:28  Mothership Core (Chrono Boost), Void Ray  
  46  12:45  Zealot, Stalker  
  46  12:46  Pylon  
  29  13:15  Pylon  
  25  13:25  Pylon  
  17  13:46  Gateway  
  17  14:00  Nexus  
Tags
 
Matchup
PvP
Replay Pack
First 100 games
Spawn Locations
Cross Positions
Add a new tag
Caveats
  • Supply blocks, unpowered buildings, or Contaminate may cause inaccurate times.
  • Supply counts are checked every 10 seconds.